 Dungeon Crawl Stone Soup version 0.31.0-1-g2c135a0 (webtiles) character file.

Game seed: 10096969032001180669

735 18rune the Mimic (level 7, 0/54 HPs)
             Began as a Merfolk Shapeshifter on Feb 18, 2024.
             Was an Initiate of Wu Jian.
             Slain by a sixfirhy (10 damage)
             ... summoned by a kobold demonologist
             ... in the Ecumenical Temple.
             The game lasted 00:06:22 (3865 turns).

18rune the Mimic (Merfolk Shapeshifter)             Turns: 3865, Time: 00:06:23

Health: 0/54       AC:  3    Str: 15    XL:     7   Next: 74%
Magic:  7/7        EV: 16    Int:  9    God:    Wu Jian [......]
Gold:   297        SH:  0    Dex: 15    Spells: 6/6 levels left

rFire   . .          .
                       - Unarmed
rCold   . . .        (shield currently unavailable)
rNeg    . . .        b - melded +0 leather armour
rPois   .            (no helmet)
rElec   .            m - +1 cloak
rCorr   .            t - +0 pair of gloves {hurl}
SInv    .            (no boots)
Will    .....        (no amulet)
Stlth   +            (no ring)
HPRegen 0.29/turn    (no ring)
MPRegen 0.10/turn

%: no passive effects
@: flux-form, glowing
A: glow, contaminating, (nimble swimmer 2), mertail
a: Begin Untransformation, Renounce Religion


You were in the Ecumenical Temple.
You worshipped Wu Jian.
Wu Jian was noncommittal.
You were something dangerously unstable.
You visited 2 branches of the dungeon, and saw 6 of its levels.

You collected 297 gold pieces.

Inventory:

Armour
 a - a +0 animal skin
 b - a +0 leather armour (melded)
 m - a +1 cloak (worn)
 t - a +0 pair of gloves of hurling (worn)
Jewellery
 p - a ring of ice
 s - a ring of protection from cold
Talismans
 c - a beast talisman
 d - a flux talisman (active)
 l - a blade talisman
Wands
 u - a wand of digging (4)
Scrolls
 f - 2 scrolls of noise
 j - 2 scrolls of blinking
Potions
 e - 2 potions of might {unknown}
 g - a potion of berserk rage {unknown}
 h - a potion of brilliance {unknown}
 i - 2 potions of curing {unknown}
 k - 3 potions of invisibility {unknown}
 n - a potion of resistance {unknown}
 o - 2 potions of attraction {unknown}
 w - a potion of haste {unknown}


   Skills:
 - Level 4.0 Fighting
 - Level 2.6 Dodging
 + Level 5.7 Unarmed Combat
 * Level 8.3 Shapeshifting


You had 6 spell levels left.
You didn't know any spells.
Your spell library contained the following spells:

 Spells                   Type           Power      Damage    Failure   Level
 Static Discharge         Conj/Air       0%         3-3/arc   52%         2
 Airstrike                Air            0%         2d(0-16)  99%         4
 Summon Lightning Spire   Summ/Air       0%         N/A       99%         4


Dungeon Overview and Level Annotations

Branches:
Dungeon (5/15)             Temple (1/1) D:5

Altars:
Ashenzari
Cheibriados
Dithmenos
Elyvilon
Fedhas
Gozag
Hepliaklqana
Kikubaaqudgha
Makhleb
Nemelex Xobeh
Okawaru
Qazlal
Sif Muna
Trog
Uskayaw
Vehumet
Wu Jian
Xom
Yredelemnul
Zin
The Shining One


Innate Abilities, Weirdness & Mutations

You are something dangerously unstable.
You glow with magical radiation, making you easy to see and hit.
Foes you strike become dangerously contaminated with magical radiation.
You are incapable of wielding weapons or throwing items.
((You are very nimble when in or above water. (Stealth+, EV+, Speed+++)))
Your lower body shifts to a powerful aquatic tail in water.


Message History

You closely miss the kobold demonologist.
The kobold demonologist is lightly wounded.
Your surroundings suddenly seem different.
Found a book of Storms.
You start resting.
A kobold demonologist comes into view. It is wielding a +0 dagger.
The kobold demonologist shouts!
The kobold shouts!
The kobold throws a stone.
The stone hits you.
You see here a book of Storms.
You pick up a book of Storms and begin reading...
You add the spells Static Discharge, Airstrike and Summon Lightning Spire to your library.
The kobold demonologist casts a spell.
You hear a shout!
There is a fountain of clear blue water here.
The kobold demonologist gestures wildly while chanting.
The kobold demonologist mumbles some strange words.
There is a staircase to the Ecumenical Temple here.
The kobold throws a stone.
The stone misses you.
You can't go up here!
The kobold shouts!
The kobold demonologist begins to cast a cantrip, but forgets the words!
The kobold demonologist casts a spell.
You climb downwards.
Welcome back to the Ecumenical Temple!
The hellwing disappears in a puff of smoke!
There is a staircase back to the Dungeon here.
You barely miss the kobold demonologist.
The kobold demonologist mumbles some strange words.
You barely miss the kobold demonologist.
The kobold demonologist hits you with a +0 dagger.
You hit the kobold demonologist but do no damage.
The kobold demonologist begins to glow.
The kobold demonologist hits you with a +0 dagger.
You hit the kobold demonologist but do no damage.
The kobold demonologist glows dangerously bright.
The sixfirhy hits you. The sixfirhy shocks you!
The kobold demonologist hits you with a +0 dagger.
The sixfirhy hits you!
* * * LOW HITPOINT WARNING * * *
The sixfirhy shocks you!
You die...

♣♣♣♣♣ ♣♣ ♣♣♣≈≈≈♣♣♣ ≈♣♣♣
♣♣♣§≈≈≈≈≈≈♣♣ ≈≈≈♣♣♣
♣♣♣~~~~≈≈≈≈≈≈♣♣ .~~~≈♣♣
♣♣~≈~...≈≈≈≈≈≈≈♣♣
...≈≈≈♣♣♣~~....K~.~§≈≈≈§♣
♣♣♣.~~.....♣§§.~p..~~≈≈≈♣
.~..~~..♣....♣.3§...~≈≈♣♣
~_..~~........♣♣....~~≈♣
.......~...~_....♣...~♣♣
....~.~♣♣............~♣
..~._..♣......♣~.§_..~♣
......♣.._..........~~♣
..§..♣♣..~...._.....~♣♣
~.~...~~.♣.♣....§..~~♣


You could see a kobold demonologist (heavy contam) and a sixfirhy (summoned).

Vanquished Creatures
  Eustachio (D:4)
  An ogre (D:5)
  A phantom (D:4)
  Blork the orc (D:4)
  2 kobold brigands (D:5)
  A bombardier beetle (D:5)
  A hound (D:5)
  An iguana (D:5)
  6 adders
  7 dart slugs
  2 ribbon worms (D:2)
  An orc (D:4)
  6 endoplasms
  4 giant cockroaches
  6 goblins
  8 hobgoblins
  10 jackals
  4 kobolds
  4 quokkas
  4 ball pythons
  2 bats (D:2)
  3 frilled lizards (D:2)
  5 rats
81 creatures vanquished.

Notes
Turn   | Place    | Note
-------+----------+-------------------------------------------
     0 | D:1      | 18rune the Merfolk Shapeshifter began the quest for the
                  | Orb.
     0 | D:1      | Reached XP level 1. HP: 15/15 MP: 1/1
   112 | D:1      | Reached XP level 2. HP: 14/21 MP: 2/2
   690 | D:1      | Reached XP level 3. HP: 27/27 MP: 3/3
  1057 | D:2      | Reached skill level 5 in Shapeshifting
  1219 | D:2      | Reached XP level 4. HP: 33/33 MP: 4/4
  2370 | D:4      | Noticed Blork the orc
  2396 | D:4      | Found a bloodstained altar of Trog.
  2492 | D:4      | Noticed Eustachio
  2509 | D:4      | Killed Eustachio
  2510 | D:4      | Reached skill level 6 in Shapeshifting
  2510 | D:4      | Reached XP level 5. HP: 25/41 MP: 5/5
  2510 | D:4      | Reached XP level 6. HP: 29/47 MP: 6/6
  2770 | D:4      | Killed Blork the orc
  3328 | D:4      | Reached skill level 5 in Unarmed Combat
  3328 | D:4      | Reached skill level 7 in Shapeshifting
  3516 | D:5      | Entered Level 5 of the Dungeon
  3628 | D:5      | Reached XP level 7. HP: 49/53 MP: 7/7
  3645 | D:5      | Found a staircase to the Ecumenical Temple.
  3663 | Temple   | Entered the Ecumenical Temple
  3694 | Temple   | Became a worshipper of the Wu Jian Council
  3802 | D:5      | Noticed a kobold demonologist
  3803 | D:5      | Noticed a kobold demonologist
  3819 | D:5      | Reached skill level 8 in Shapeshifting
  3845 | D:5      | Noticed a kobold demonologist
  3855 | D:5      | Noticed a chaos spawn
  3857 | D:5      | Noticed a rust devil
  3858 | D:5      | Noticed a hellwing
  3863 | Temple   | Noticed a sixfirhy
  3865 | Temple   | Slain by a sixfirhy

Illustrated notes

Levels and vault maps discovered:
D:1:      dpeg_arrival_simpleton_c, layout_basic
D:2:      layout_loops_ring
D:3:      layout_loops_ring
D:4:      layout_basic, mainiacjoe_overflow_alcove_4, minmay_joined_circles,
          uniq_blork_the_orc, uniq_eustachio
D:5:      layout_basic, minmay_temple_entry_sparse_star, minmay_holes
Temple:   nicolae_temple_bog_church

Skill      XL: |  1  2  3  4  5  6  7 |
---------------+----------------------+-----
Fighting       | 2 3 4 |  4.0
Shapeshifting  | 5 6 7 8 |  8.3
Unarmed Combat | 4 5 |  5.7
Dodging        | |  2.6

Action                     |  1- 3 |  4- 6 |  7- 9 || total
---------------------------+-------+-------+-------++-------
  Melee: Unarmed           |   105 |   133 |    50 ||   288
         Punch             |     3 |     4 |       ||     7
Ability: Lunge             |       |       |     2 ||     2
    Use: Scroll            |     2 |     4 |     3 ||     9
         Potion            |       |     1 |       ||     1
   Stab: Sleeping          |     2 |     1 |       ||     3
 Armour: Animal skin       |    42 |    29 |       ||    71
         Skin              |       |    46 |    23 ||    69
         Leather armour    |       |    26 |       ||    26
  Dodge: Dodged            |    57 |   101 |    20 ||   178
   Form: Flux              |       |     1 |       ||     1
